 Dungeon Crawl Stone Soup version 0.16.2-2-g470672f (webtiles) character file.

747 CrazyArbalest the Bolt Thrower (level 7, 0/57 HPs)
             Began as a Centaur Hunter on Aug 21, 2015.
             Hit by a tomahawk thrown by an orc warrior (11 damage)
             ... on level 6 of the Dungeon.
             The game lasted 00:30:53 (5528 turns).

CrazyArbalest the Bolt Thrower (Centaur Hunter)     Turns: 5528, Time: 00:30:53

Health: 0/57       AC:  8    Str: 14    XL:     7   Next: 48%
Magic:  5/5        EV:  9    Int: 10    God:
Gold:   377        SH:  0    Dex: 12    Spells: 0 memorised, 6 levels left

rFire  . . .     SeeInvis .     a - +4 whip
rCold  . . .     Clarity  .     y - +0 ring mail
rNeg   . . .     SustAb   .     (no shield)
rPois  .         Gourm    .     (no helmet)
rElec  .         Spirit   .     g - +0 cloak
rCorr  .         Warding  .     O - +0 pair of gloves
rMut   .         Stasis   .     (no barding)
MR     .....                    (no amulet)
Stlth  ..........               (no ring)
                                (no ring)

@: very quick, not resistant to hostile enchantments, extremely unstealthy
A: hooves 3, deformed body, speed 2, tough skin 3
a: no special abilities


You were on level 6 of the Dungeon.
You were hungry.

You visited 1 branch of the dungeon, and saw 6 of its levels.

You collected 377 gold pieces.

Inventory:

Hand weapons
 a - a +4 whip (weapon)
 b - a +1 hand crossbow
 t - a +0 flail
 u - a +0 whip
 w - a +0 hand axe
 x - a +0 flail
 B - a +0 hand axe
 C - a +0 mace
 F - a +0 mace
 G - a +0 flail
 I - a +0 hand axe
 P - a +0 mace
Missiles
 c - 27 bolts
Armour
 d - a +0 leather armour
 e - a +0 ring mail
 g - a +0 cloak (worn)
 y - a +0 ring mail (worn)
 O - a +0 pair of gloves (worn)
Jewellery
 s - a cursed amulet of inaccuracy {unknown}
 L - an uncursed ring of wizardry {unknown}
 Q - an uncursed amulet of stasis {unknown}
Magical devices
 M - a wand of magic darts (17)
 N - a wand of paralysis (10)
Scrolls
 i - 5 scrolls of remove curse {unknown}
 n - 3 scrolls of blinking {unknown}
 p - 3 scrolls of enchant weapon {unknown}
 r - 2 scrolls of teleportation {unknown}
 v - 3 scrolls of identify {unknown}
 J - a scroll of enchant armour {unknown}
 R - a scroll of brand weapon {unknown}
Potions
 h - 3 potions of heal wounds
 j - a potion of curing
 o - 3 potions of might {unknown}
 q - a potion of degeneration {unknown}
 z - a potion of cure mutation {unknown}
 A - a potion of flight {unknown}
 D - a potion of mutation {unknown}
 H - a potion of berserk rage {unknown}
 K - 2 potions of brilliance {unknown}
Books
 E - a book of Clouds

   Spells                             Type                      Level
   a - Mephitic Cloud                 Conjuration/Poison/Air       3
   b - Conjure Flame                  Conjuration/Fire             3
   c - Poisonous Cloud                Conjuration/Poison/Air       6
   d - Freezing Cloud                 Conjuration/Ice/Air          6
   e - Ring of Flames                 Charms/Fire                  7
Comestibles
 f - 5 bread rations
 k - 2 slices of pizza
 l - a beef jerky
 m - 4 meat rations


   Skills:
 + Level 3.2 Fighting
 + Level 1.5 Maces & Flails
 * Level 7.6 Crossbows
 + Level 2.7 Armour
 + Level 2.6 Dodging
 + Level 0.8 Stealth


You had 6 spell levels left.
You didn't know any spells.

Dungeon Overview and Level Annotations

Branches:
Dungeon (6/15)             Temple (0/1) D:6

Altars:
Ashenzari
Cheibriados
Dithmenos
Fedhas
Kikubaaqudgha
Makhleb
Nemelex Xobeh
Qazlal
Ru
Vehumet
Yredelemnul
The Shining One

Annotations:
D:4 aliceinspace's ghost, average GrWz
D:5 exclusion: statue
D:6 CrazyArbalest's ghost, average CeHu


Innate Abilities, Weirdness & Mutations

You have hooves in place of feet.
Armour fits poorly on your strangely shaped body.
You cover ground very quickly.
You have extremely tough skin (AC +3).


Message History

* * * LOW HITPOINT WARNING * * *
The wight hits you with a war axe.
* * * LOW HITPOINT WARNING * * *
Things that are here:
a club; a chain mail You close the door.
CrazyArbalest's ghost opens the door.
An orc comes into view. It is wielding a whip.
An orc warrior comes into view. It is wielding a mace.
The orc warrior shouts!
The orc barely misses you.
Found a staircase to the Ecumenical Temple.
Found 18 bolts.
An orc comes into view. It is wielding a dagger.
A goliath beetle comes into view.
The goliath beetle twitches its antennae in your direction.
The orc hits you but does no damage.
The orc warrior throws a tomahawk.
The tomahawk closely misses you.
Found 9 gold pieces.
The orc warrior throws a tomahawk.
The tomahawk hits you!
You die...

......).......#
#...z...#####
#####W###..... #)#
.....# #z###..o..#
#z....o...###########
#(.o.................
#.........$....######
#...@..>.......
......###..........
......# ..'.......
..B...# ###.......
..(..# .....# ....#
.... $ .


You could see an orc warrior, 2 wights and 2 orcs.

Vanquished Creatures
  A centaur (D:5)
  An ogre (D:3)
  Blork the orc (D:5)
  A scorpion (D:4)
  A giant frog zombie (D:5)
  An orc priest (D:6)
  A hound (D:3)
  A centaur skeleton (D:6)
  Natasha (thrice) (D:4)
  3 worker ants
  7 gnolls
  8 adders
  A giant mite (D:4)
  A worm (D:3)
  2 adder skeletons (D:4)
  A giant gecko (D:6)
  10 orcs
  11 bats
  A bat skeleton (D:4)
  3 giant cockroaches
  8 hobgoblins
  3 quokkas
  3 giant newts
  6 goblins
  6 jackals
  15 kobolds
  A quokka skeleton (D:5)
  8 rats
109 creatures vanquished.

Notes
Turn   | Place    | Note
--------------------------------------------------------------
     0 | D:1      | CrazyArbalest, the Centaur Hunter, began the quest for the Orb.
     0 | D:1      | Reached XP level 1. HP: 17/17 MP: 1/1
   159 | D:1      | Reached XP level 2. HP: 21/24 MP: 2/2
   273 | D:1      | Reached skill level 5 in Crossbows
   564 | D:2      | Reached XP level 3. HP: 16/29 MP: 3/3
  1004 | D:2      | Found a basalt altar of Yredelemnul.
  1088 | D:2      | Found a shadowy altar of Dithmenos.
  1142 | D:2      | Found an ancient bone altar of Kikubaaqudgha.
  1423 | D:2      | Reached XP level 4. HP: 36/36 MP: 3/3
  1505 | D:2      | Reached skill level 1 in Armour
  1999 | D:3      | Reached XP level 5. HP: 34/42 MP: 4/4
  2210 | D:3      | Reached skill level 6 in Crossbows
  2487 | D:3      | Found a sparkling altar of Nemelex Xobeh.
  2574 | D:3      | Found a glowing golden altar of the Shining One.
  3017 | D:4      | Noticed Natasha
  3077 | D:4      | Noticed aliceinspace's ghost (average GrWz)
  3109 | D:4      | Noticed an ogre
  3390 | D:3      | Killed an ogre
  3390 | D:3      | Reached XP level 6. HP: 34/50 MP: 5/5
  3576 | D:4      | Killed Natasha
  3602 | D:4      | Noticed Natasha
  3610 | D:4      | Killed Natasha
  3650 | D:4      | Reached skill level 1 in Maces & Flails
  4108 | D:4      | Noticed Natasha
  4114 | D:4      | Killed Natasha
  4336 | D:4      | Reached skill level 7 in Crossbows
  4413 | D:5      | Entered Level 5 of the Dungeon
  4518 | D:5      | Reached XP level 7. HP: 32/56 MP: 5/5
  4702 | D:5      | Noticed Blork the orc
  4717 | D:5      | Killed Blork the orc
  4739 | D:5      | Found a blossoming altar of Fedhas.
  4739 | D:5      | Found a snail-covered altar of Cheibriados.
  4751 | D:5      | Found a shattered altar of Ashenzari.
  4751 | D:5      | Found a stormy altar of Qazlal.
  4752 | D:5      | Found a sacrificial altar of Ru.
  4758 | D:5      | Found a burning altar of Makhleb.
  4797 | D:5      | Found a radiant altar of Vehumet.
  4849 | D:5      | Found a shattered altar of Ashenzari.
  5189 | D:6      | Noticed CrazyArbalest's ghost (average CeHu)
  5524 | D:6      | Found a staircase to the Ecumenical Temple.
  5528 | D:6      | Hit by a tomahawk thrown by an orc warrior

Action                   |  1- 3 |  4- 6 |  7- 9 || total
-------------------------+-------+-------+-------++-------
Melee: Short sword       |    17 |       |       ||    17
       Whip              |    83 |   173 |    58 ||   314
 Fire: Hand crossbow     |    28 |    79 |    14 ||   121
  Use: Potion            |     1 |       |       ||     1
  Eat: Chunk             |     1 |     8 |     2 ||    11
